 Dungeon Crawl Stone Soup version 0.19-a0-1920-g83281cb (webtiles) character file.

36 spe3d0 the Slasher (level 3, -5/31 HPs)
             Began as a Draconian Berserker on Oct 24, 2016.
             Was a Follower of Trog.
             Slain by a worm (7 damage)
             ... on level 2 of the Dungeon.
             The game lasted 00:02:59 (1090 turns).

spe3d0 the Slasher (Draconian Berserker)            Turns: 1090, Time: 00:03:00

Health: -5/31      AC:  5    Str: 19    XL:     3   Next: 19%
Magic:  3/3        EV: 12    Int:  7    God:    Trog [*.....]
Gold:   38         SH:  0    Dex: 11    Spells: 0 memorised, 2 levels left

rFire  + . .     SeeInvis .     a - +0 falchion
rCold  x . .     Gourm    .     (armour unavailable)
rNeg   . . .     Faith    .     (no shield)
rPois  .         Spirit   .     (helmet restricted)
rElec  .         Reflect  .     (no cloak)
rCorr  .         Harm     .     (no gloves)
MR     .....                    (no boots)
Stlth  +.........               (no amulet)
                                (no ring)
                                F - ring of fire

@: no status effects
A: unfitting armour, cold-blooded, AC +5
a: Berserk, Burn Spellbooks, Renounce Religion


You were on level 2 of the Dungeon.
You worshipped Trog.
Trog was aware of your devotion.
You were not hungry.

You visited 1 branch of the dungeon, and saw 2 of its levels.

You collected 38 gold pieces.


Innate Abilities, Weirdness & Mutations

Your plain brown scales are hard. (AC +5)
You cannot fit into any form of body armour.
You are cold-blooded and may be slowed by cold attacks.


   Skills:
 - Level 3.2 Fighting
 * Level 4.3 Long Blades
 - Level 2.6 Dodging


You had 2 spell levels left.
You didn't know any spells.

Inventory:

Hand Weapons
 a - a +0 falchion (weapon)
Jewellery
 j - an uncursed amulet of the gourmand {unknown}
 F - a ring of fire (left hand)
Scrolls
 d - 3 scrolls of remove curse {unknown}
 f - a scroll of magic mapping {unknown}
 g - 3 scrolls of identify {unknown}
Potions
 e - a potion of agility {unknown}
 h - a potion of might {unknown}
 i - a potion of curing {unknown}
Comestibles
 b - 2 bread rations {@e1}
 c - a chunk of flesh

Dungeon Overview and Level Annotations

Branches:
Dungeon (2/15)

Altars:

Annotations:
D:2 Jessica

#.........###..)..#.^#
+.........'....)<.#..#
#.........###........#
#.......## #.#...##.#
##.....## #.##.....#
##...## #.....####
##'## ####.## #@# #.#
#@# .# #w# ... .(...
#.....# #.....#
#.###.# .. ..


You could see a worm and Jessica.


Message History

You hit the worm.
Your tail-slap misses the worm.
The worm is severely wounded.
Jessica mumbles some strange words.
Jessica seems to speed up.
The worm bites you but does no damage.
You hit the worm.
The worm is almost dead.
Jessica gestures at you while chanting. Pain shoots through your body!
* * * LOW HITPOINT WARNING * * *
You barely miss the worm.
The worm is almost dead.
Jessica hits you but does no damage. The worm closely misses you.
You hit the worm but do no damage.
The worm is almost dead.
Jessica hits you but does no damage.
Jessica grins evilly.
Jessica casts a spell at you. Pain shoots through your body!
* * * LOW HITPOINT WARNING * * *
The worm bites you.
* * * LOW HITPOINT WARNING * * *
You hit the worm. You tail-slap the worm.
The worm is almost dead.
Jessica hits you but does no damage. x2
You barely miss the worm.
Your tail-slap misses the worm.
The worm is almost dead.
Jessica hits you with a club.
* * * LOW HITPOINT WARNING * * *
The worm bites you!
You die...

Skill      XL: |  1  2 |
---------------+-------+-----
Long Blades    | 4 |  4.3
Fighting       | |  3.2
Dodging        | |  2.6

Action                   || total
-------------------------++-------
Melee: Falchion          ||    82
       Tailslap          ||    14
  Eat: Chunk             ||     1
Armor: Skin              ||    20
Dodge: Dodged            ||    43
       Rpst.: Falchion   ||    14

Vault maps used:
D:1:      ncdulo_smallfort, corexii_leaking_fountain
D:2:      uniq_jessica

Notes
Turn   | Place    | Note
-------+----------+-------------------------------------------
     0 | D:1      | spe3d0 the Draconian Berserker began the quest for the Orb.
     0 | D:1      | Reached XP level 1. HP: 19/19 MP: 1/1
   213 | D:1      | Reached XP level 2. HP: 21/26 MP: 2/2
   676 | D:2      | Reached skill level 4 in Long Blades
   817 | D:2      | Reached XP level 3. HP: 28/31 MP: 3/3
  1071 | D:2      | Noticed Jessica
  1090 | D:2      | HP: 2/31 [Jessica/club (3)]
  1090 | D:2      | Slain by a worm

Vanquished Creatures
  An adder (D:2)
  A dart slug (D:1)
  A ball python (D:1)
  A bat (D:2)
  A giant cockroach (D:1)
  4 goblins
  6 hobgoblins
  A quokka (D:2)
  2 frilled lizards (D:1)
  3 kobolds
  3 rats (D:2)
24 creatures vanquished.
